 Dungeon Crawl Stone Soup version 0.23-a0-642-g3120c2f (webtiles) character file.

145 Azzok the Digger (level 5, -4/42 HPs)
             Began as a Deep Dwarf Earth Elementalist on Dec 30, 2018.
             Splashed by a kobold's acid (11 damage)
             ... on level 3 of the Dungeon.
             The game lasted 00:03:27 (2762 turns).

Azzok the Digger (Deep Dwarf Earth Elementalist)    Turns: 2762, Time: 00:03:27

Health: -4/42      AC:  2    Str: 12    XL:     5   Next: 6%
Magic:  10/10      EV: 12    Int: 16    God:
Gold:   234        SH:  0    Dex: 13    Spells: 6/10 levels left

rFire    . . .     SeeInvis .   f - +0 short sword (venom)
rCold    . . .     Gourm    .   (no shield)
rNeg     . . .     Faith    .   c - +0 robe
rPois    .         Spirit   .   (no helmet)
rElec    .         Reflect  .   (no cloak)
rCorr    .         Harm     .   (no gloves)
MR       .....                  (no boots)
Stlth    ++........             (no amulet)
HPRegen  0.00/turn              (no ring)
MPRegen  0.12/turn              (no ring)

@: non-regenerating
A: damage resistance, heal wounds, sense surroundings 1, no regeneration
a: Heal Wounds


You were on level 3 of the Dungeon.
You were not hungry.

You visited 1 branch of the dungeon, and saw 3 of its levels.

You collected 234 gold pieces.

Inventory:

Hand Weapons
 f - a +0 short sword of venom (weapon)
Missiles
 b - 69 stones (quivered)
Armour
 c - a +0 robe (worn)
Scrolls
 g - 4 scrolls of remove curse {unknown}
 i - a scroll of enchant weapon {unknown}
 l - 2 scrolls of identify {unknown}
 n - 2 scrolls of teleportation {unknown}
 p - 2 scrolls of fear {unknown}
 q - a scroll of immolation {unknown}
Potions
 a - a potion of degeneration {unknown}
 e - a potion of mutation {unknown}
 h - 2 potions of curing {unknown}
 j - a potion of invisibility {unknown}
 k - a potion of agility {unknown}
 m - a potion of brilliance {unknown}
Comestibles
 d - 10 rations
 o - 2 chunks of flesh


   Skills:
 - Level 2.1 Dodging
 - Level 2.4 Stealth
 + Level 3.3 Spellcasting
   Level 0.8 Transmutations
 + Level 6.1 Earth Magic


You had 6 spell levels left.
You knew the following spells:

 Your Spells              Type           Power        Failure   Level  Hunger
a - Sandblast             Erth           ###...       1%          1    None
b - Stone Arrow           Conj/Erth      ##....       16%         3    ###....

Your spell library contained the following spells:

 Spells                   Type           Power        Failure   Level  Hunger
 Passwall                 Tmut/Erth      ##......     6%          2    ##.....
 Petrify                  Tmut/Erth      ##......     38%         4    ####...
 Lee's Rapid Deconstruct  Erth           ###.......   38%         5    ######.


Dungeon Overview and Level Annotations

Branches:
Dungeon (3/15)

Altars:
Kikubaaqudgha
Ru

Annotations:
D:3 1 runed door


Innate Abilities, Weirdness & Mutations

You are resistant to damage.
You can heal yourself by infusing magical energy.
You passively map a small area around you.
You do not regenerate.


Message History

All of the chunks of flesh in your inventory have rotted away.
You butcher the leopard gecko corpse.
o - 2 chunks of flesh You see here a leopard gecko skeleton. x2
There is a fountain of clear blue water here.
A kobold comes into view.
It is wielding a +0 falchion and carrying a wand of A kobold is nearby!
You fail to use your ability.
The kobold shouts!
The kobold throws a stone.
The stone closely misses you.
You feel much better.
The kobold throws a stone.
The stone closely misses you.
The kobold throws a stone.
The stone barely misses you.
Casting: Stone Arrow (safe; 16% risk of failure)
Confirm with . or Enter, or press ? or * to list all spells.
You can't see any susceptible monsters within range! (Use Z to cast anyway.)
A bat comes into view.
The kobold zaps a wand.
The bolt of acid hits you!
* * * LOW HITPOINT WARNING * * *
You are splashed with acid!
The acid burns!
You die...

·······▒▒▒▒▒ ◦ ◦ ◦
▒▒▒▒▒·▒▒▒ ░ ··· ◦ ░ ◦
▒▒▒▒▒···▒ ░ ··· ◦
···▒▒▒▒·▒ ▒·▒ ···▒ ▒·▒▒▒
▒K▒ ◦ ▒··▒ ▒···▒ ▒·▒
▒··▒▒▒▒▒▒·▒▒▒▒▒▒·▒
▒················▒▒▒▒▒▒▒
◦ ◦
▒▒·▒▒▒▒▒▒>▒▒▒▒▒▒@·······
◦◦ ◦ ▒·▒ ▒·▒▒▒▒
▒·▒▒▒▒▒·b◦ ◦ ◦ ▒·▒
▒····▒ ▒·▒ ░
▒·▒▒▒▒▒▒▒▒▒·▒ ▒(▒ ░░░░
▒·▒···▒ ▒·▒▒▒·▒▒ ▒·····▒
▒······▒ ▒▒▒♣♣♣♣♣
▒▒▒···▒ ▒▒▒▒·▒·▒▒
▒▒····♣·♣♣♣ ▒▒▒▒···▒
▒····▒▒▒······♣··♣▒
···▒▒·▒▒
▒▒···········♣♣♣♣·╬


You could see a bat (sleeping) and a kobold.

Vanquished Creatures
  Jessica (D:3)
  Robin (D:3)
  3 adders (D:2)
  2 worms
  A dart slug (D:2)
  A leopard gecko (D:3)
  4 giant cockroaches
  4 hobgoblins
  9 jackals
  8 kobolds
  A ball python (D:3)
  3 bats
  5 frilled lizards
  15 goblins
  12 rats
70 creatures vanquished.

Notes
Turn   | Place    | Note
-------+----------+-------------------------------------------
     0 | D:1      | Azzok the Deep Dwarf Earth Elementalist began the quest for
                  | the Orb.
     0 | D:1      | Reached XP level 1. HP: 15/15 MP: 3/3
   231 | D:1      | Reached XP level 2. HP: 22/22 MP: 3/5
   713 | D:2      | Reached XP level 3. HP: 15/28 MP: 2/6
   714 | D:2      | Reached skill level 5 in Earth Magic
   784 | D:2      | Learned a level 3 spell: Stone Arrow
  1216 | D:2      | Found a sacrificial altar of Ru.
  1266 | D:2      | Reached XP level 4. HP: 15/36 MP: 4/8
  1752 | D:2      | Found an ancient bone altar of Kikubaaqudgha.
  2215 | D:3      | Noticed Robin
  2221 | D:3      | Killed Robin
  2314 | D:3      | Noticed Jessica
  2319 | D:3      | Killed Jessica
  2319 | D:3      | Reached skill level 6 in Earth Magic
  2387 | D:3      | Reached XP level 5. HP: 13/42 MP: 2/9
  2654 | D:3      | Found a runed door.
  2762 | D:3      | Splashed by a kobold's acid

Vault maps used:
D:1:      evilmike_arrival_run_for_it
D:2:      lemuel_coloured_pillars_altar, minmay_misc_feat_rows,
          palyth_stone_intersect, nicolae_ru_awakened_eye
D:3:      minmay_misc_feat_five, chequers_decorated_corner,
          chequers_serial_rivers_micro_d, minmay_misc_feat_nine_boxes,
          uniq_grinder, uniq_jessica, uniq_crazy_yiuf_cottage, uniq_robin

Skill      XL: |  1  2  3  4 |
---------------+-------------+-----
Spellcasting   | 2 3 |  3.3
Earth Magic    | 5 6 |  6.1
Dodging        | |  2.1
Stealth        | |  2.4
Transmutations | |  0.8

Action                   |  1- 3 |  4- 6 || total
-------------------------+-------+-------++-------
Melee: Short sword       |    33 |    10 ||    43
 Cast: Sandblast         |    33 |    14 ||    47
       Stone Arrow       |     1 |    19 ||    20
 Abil: Heal Wounds       |       |     1 ||     1
 Stab: Sleeping          |     2 |       ||     2
  Eat: Chunk             |     2 |     7 ||     9
Armor: Robe              |     7 |     1 ||     8
Dodge: Dodged            |    27 |    11 ||    38

Table legend:
 A = Non-vault XP
 B = Vault XP
 C = Vault XP percentage of total XP
 D = Non-vault monster count
 E = Vault monster count
 F = Vault count percentage of total count
                 A         B        C        D         E       F
            +---------+---------+-------+---------+---------+-------
      Total |     128 |      80 |  38.5 |      56 |      14 |  20.0
            +---------+---------+-------+---------+---------+-------
        D:1 |      29 |       5 |  14.7 |      19 |       1 |   5.0
        D:2 |      85 |       0 |   0.0 |      28 |       0 |   0.0
        D:3 |      14 |      75 |  84.3 |       9 |      13 |  59.1
            +---------+---------+-------+---------+---------+-------
